AAA EAST
GWINNETT STRIPERS @ INDIANAPOLIS INDIANS
09/04/2041
 
TOP OF THE 1ST
Gwinnett Stripers batting - Pitching for Indianapolis Indians : RHP Sergio Quiñonez
Pitching: RHP Sergio Quiñonez
Batting: RHB Juan Cervantes 0-0: Foul Ball, location: 2F
0-1: Ball
1-1: Called Strike
1-2: Ball
2-2: Ball
3-2: Foul Ball, location: 2F
3-2: Strikes out swinging
Batting: RHB Shawn Wright 0-0: SINGLE (Line Drive, 6M, EV 105.0 MPH)
Batting: RHB César Plone 0-0: Called Strike
0-1: Ball
1-1: Called Strike
1-2: Fly out, F9 (Flyball, 9S, EV 88.8 MPH)
Batting: SHB Kevin Hicks 0-0: Ball
1-0: Called Strike
1-1: Ball
2-1: Foul Ball, location: 2F
2-2: Ball
3-2: DOUBLE (Flyball, 78D, EV 104.4 MPH)
Shawn Wright to third
Shawn Wright scores
Batting: RHB Sean Prince 0-0: Swinging Strike
0-1: Called Strike
0-2: Fly out, F8 (Flyball, 8RD, EV 100.0 MPH)
Top of the 1st over - 1 run, 2 hits, 0 errors, 1 left on base; Gwinnett 1 - Indianapolis 0
BOTTOM OF THE 1ST
Indianapolis Indians batting - Pitching for Gwinnett Stripers : LHP Víctor Gómez
Pitching: LHP Víctor Gómez
Batting: RHB Steve Jenkins 0-0: Called Strike
0-1: Fly out, F7 (Flyball, 78M, EV 75.6 MPH)
Batting: RHB Johnny Owen 0-0: Ball
1-0: Bunt for hit to 13S - play at first, batter safe!
Batting: RHB José Vargas 0-0: Ball
Johnny Owen steals 2nd base
1-0: Ball
2-0: Fly out, F4 (Popup, 34S, EV 77.5 MPH)
Batting: RHB Ed Livermore 0-0: Called Strike
0-1: Swinging Strike
0-2: Ball
1-2: Strikes out swinging
Bottom of the 1st over - 0 runs, 1 hit, 0 errors, 1 left on base; Gwinnett 1 - Indianapolis 0
TOP OF THE 2ND
Gwinnett Stripers batting - Pitching for Indianapolis Indians : RHP Sergio Quiñonez
Batting: RHB Sean O'Dennehy 0-0: Ball
1-0: Ball
2-0: Foul Ball, location: 3FF
2-1: Ball
3-1: Foul Ball, location: 5F
3-2: Strikes out swinging
Batting: RHB Chris Sullivan 0-0: Foul Ball, location: 2F
0-1: Ground out 6-3 (Groundball, 6, EV 78.8 MPH)
Batting: SHB Rob Alford 0-0: Foul Ball, location: 2LF
0-1: Swinging Strike
0-2: Strikes out looking
Top of the 2nd over - 0 runs, 0 hits, 0 errors, 0 left on base; Gwinnett 1 - Indianapolis 0
BOTTOM OF THE 2ND
Indianapolis Indians batting - Pitching for Gwinnett Stripers : LHP Víctor Gómez
Batting: LHB Jesús Benavidez 0-0: Ball
1-0: Fly out, F2 (Popup, 13S, EV 81.3 MPH)
Batting: RHB Norm Owens 0-0: Ball
1-0: Foul Ball, location: 2F
1-1: SINGLE (Groundball, 3S, EV 70.6 MPH) (infield hit)
Batting: RHB César Otero 0-0: Ball
1-0: Foul Ball, location: 2F
1-1: Ball
2-1: Called Strike
2-2: Foul Ball, location: 9LMF
2-2: DOUBLE (Line Drive, 7LM, EV 110.6 MPH)
Norm Owens to third
Runner from 3rd tries for Home, SAFE, throw by LF to home
Batting: RHB Ty Lewis 0-0: Called Strike
César Otero steals 3rd base
0-1: Foul Ball, location: 9LMF
0-2: Ball
1-2: Ball
2-2: Strikes out swinging
Batting: RHB Manny Martínez 0-0: Ground out 2-3 (Groundball, 2L, EV 71.9 MPH)
Bottom of the 2nd over - 1 run, 2 hits, 0 errors, 1 left on base; Gwinnett 1 - Indianapolis 1
TOP OF THE 3RD
Gwinnett Stripers batting - Pitching for Indianapolis Indians : RHP Sergio Quiñonez
Batting: RHB Dave Stuart 0-0: Called Strike
0-1: Ground out 6-3 (Groundball, 6M, EV 98.8 MPH)
Batting: RHB Juan Cervantes 0-0: Ball
1-0: Foul Ball, location: 9LSF
1-1: Fly out, F7 (Flyball, 78M, EV 85.6 MPH)
Batting: RHB Shawn Wright 0-0: Called Strike
0-1: Ball
1-1: Ground out U3 (Groundball, 13, EV 83.8 MPH)
Top of the 3rd over - 0 runs, 0 hits, 0 errors, 0 left on base; Gwinnett 1 - Indianapolis 1
BOTTOM OF THE 3RD
Indianapolis Indians batting - Pitching for Gwinnett Stripers : LHP Víctor Gómez
Batting: RHB Steve Jenkins 0-0: Foul Ball, location: 25F
0-1: Ball
1-1: Foul Ball, location: 2F
1-2: Foul Ball, location: 2F
1-2: Ball
2-2: Fly out, F9 (Flyball, 9LS, EV 74.4 MPH)
Batting: RHB Johnny Owen 0-0: Bunt for hit to 15 - play at first, batter OUT! 1-3
Batting: RHB José Vargas 0-0: Called Strike
0-1: Ball
1-1: Foul Ball, location: 5FF
1-2: Ball
2-2: Ball
3-2: Base on Balls
Batting: RHB Ed Livermore 0-0: Fielders Choice at 2nd, 5-4 (Groundball, 5L, EV 103.8 MPH)
Bottom of the 3rd over - 0 runs, 0 hits, 0 errors, 1 left on base; Gwinnett 1 - Indianapolis 1
TOP OF THE 4TH
Gwinnett Stripers batting - Pitching for Indianapolis Indians : RHP Sergio Quiñonez
Batting: RHB César Plone 0-0: Ball
1-0: Swinging Strike
1-1: Ball
2-1: Foul Ball, location: 2F
2-2: Strikes out swinging
Batting: SHB Kevin Hicks 0-0: Called Strike
0-1: Swinging Strike
0-2: Ball
1-2: Foul Ball, location: 9LSF
1-2: Strikes out swinging
Batting: RHB Sean Prince 0-0: Foul Ball, location: 2LF
0-1: Ball
1-1: Ball
2-1: Foul Ball, location: 25FF
2-2: Foul Ball, location: 2F
2-2: Ground out 5-3 (Groundball, 56S, EV 83.8 MPH)
Top of the 4th over - 0 runs, 0 hits, 0 errors, 0 left on base; Gwinnett 1 - Indianapolis 1
BOTTOM OF THE 4TH
Indianapolis Indians batting - Pitching for Gwinnett Stripers : LHP Víctor Gómez
Batting: LHB Jesús Benavidez 0-0: Swinging Strike
0-1: Ball
1-1: Foul Ball, location: 7LDF
1-2: Ball
2-2: Strikes out looking
Batting: RHB Norm Owens 0-0: Ball
1-0: Called Strike
1-1: Called Strike
1-2: Strikes out swinging
Batting: RHB César Otero 0-0: Called Strike
0-1: Ball
1-1: Ball
2-1: Ball
3-1: Fly out, F8 (Flyball, 8RXD, EV 101.3 MPH)
Bottom of the 4th over - 0 runs, 0 hits, 0 errors, 0 left on base; Gwinnett 1 - Indianapolis 1
TOP OF THE 5TH
Gwinnett Stripers batting - Pitching for Indianapolis Indians : RHP Sergio Quiñonez
Batting: RHB Sean O'Dennehy 0-0: Swinging Strike
0-1: Ball
1-1: Swinging Strike
1-2: Strikes out swinging
Batting: RHB Chris Sullivan 0-0: Ground out 5-3 (Groundball, 5S, EV 82.5 MPH)
Batting: SHB Rob Alford 0-0: Called Strike
0-1: Ball
1-1: Called Strike
1-2: Strikes out looking
Top of the 5th over - 0 runs, 0 hits, 0 errors, 0 left on base; Gwinnett 1 - Indianapolis 1
BOTTOM OF THE 5TH
Indianapolis Indians batting - Pitching for Gwinnett Stripers : LHP Víctor Gómez
Batting: RHB Ty Lewis 0-0: Ball
1-0: Called Strike
1-1: Ball
2-1: Fly out, F6 (Line Drive, 6, EV 67.5 MPH)
Batting: RHB Manny Martínez 0-0: Ball
1-0: Ball
2-0: Called Strike
2-1: SINGLE (Groundball, 3D, EV 110.6 MPH)
Batting: RHB Steve Jenkins 0-0: Ball
1-0: Grounds into double play, 5-4-3 (Groundball, 56S, EV 87.5 MPH)
Bottom of the 5th over - 0 runs, 1 hit, 0 errors, 0 left on base; Gwinnett 1 - Indianapolis 1
TOP OF THE 6TH
Gwinnett Stripers batting - Pitching for Indianapolis Indians : RHP Sergio Quiñonez
Batting: RHB Dave Stuart 0-0: Called Strike
0-1: Swinging Strike
0-2: Foul Ball, location: 2F
0-2: Strikes out swinging
Batting: RHB Juan Cervantes 0-0: Ball
1-0: Called Strike
1-1: DOUBLE (Line Drive, 9LD, EV 100.0 MPH)
Batting: RHB Shawn Wright 0-0: Ball
1-0: Ball
2-0: Swinging Strike
2-1: Called Strike
2-2: Strikes out swinging
Batting: RHB César Plone 0-0: Intentional Walk
Batting: SHB Kevin Hicks 0-0: Foul Ball, location: 2F
0-1: Ball
1-1: Swinging Strike
1-2: Ball
2-2: Ball
3-2: Strikes out swinging
Top of the 6th over - 0 runs, 1 hit, 0 errors, 2 left on base; Gwinnett 1 - Indianapolis 1
BOTTOM OF THE 6TH
Indianapolis Indians batting - Pitching for Gwinnett Stripers : LHP Víctor Gómez
Batting: RHB Johnny Owen 0-0: Ball
1-0: Ball
2-0: Ball
3-0: Base on Balls
Batting: RHB José Vargas 0-0: Grounds into double play, 1-4-3 (Groundball, 15S, EV 65.6 MPH)
Batting: RHB Ed Livermore 0-0: Ball
1-0: Foul Ball, location: 5FF
1-1: Ball
2-1: SOLO HOME RUN (Flyball, 78XD, EV 109.4 MPH), Distance : 424 ft
Batting: LHB Jesús Benavidez 0-0: Ball
1-0: Fly out, F5 (Popup, 5, EV 65.0 MPH)
Bottom of the 6th over - 1 run, 1 hit, 0 errors, 0 left on base; Gwinnett 1 - Indianapolis 2
TOP OF THE 7TH
Gwinnett Stripers batting - Pitching for Indianapolis Indians : RHP Sergio Quiñonez
Batting: RHB Sean Prince 0-0: Fly out, F9 (Flyball, 9, EV 93.1 MPH)
Batting: RHB Sean O'Dennehy 0-0: Ball
1-0: Ball
2-0: Fly out, F8 (Flyball, 8LM, EV 93.8 MPH)
Batting: RHB Chris Sullivan 0-0: Bunted foul
0-1: Fly out, F8 (Flyball, 78M, EV 98.1 MPH)
Top of the 7th over - 0 runs, 0 hits, 0 errors, 0 left on base; Gwinnett 1 - Indianapolis 2
BOTTOM OF THE 7TH
Indianapolis Indians batting - Pitching for Gwinnett Stripers : LHP Víctor Gómez
Batting: RHB Norm Owens 0-0: Foul Ball, location: 23FF
0-1: Foul Ball, location: 9LMF
0-2: SOLO HOME RUN (Flyball, 78XD, EV 113.1 MPH), Distance : 439 ft
Batting: RHB César Otero 0-0: Ball
1-0: Fly out, F3 (Popup, 34, EV 60.0 MPH)
Batting: RHB Ty Lewis 0-0: Ball
1-0: Ball
2-0: Called Strike
2-1: SINGLE (Line Drive, 34D, EV 97.5 MPH)
Batting: RHB Manny Martínez 0-0: Fly out, F8 (Flyball, 8RXD, EV 85.6 MPH)
Batting: RHB Steve Jenkins 0-0: Called Strike
0-1: Ball
1-1: Called Strike
1-2: Strikes out swinging
Bottom of the 7th over - 1 run, 2 hits, 0 errors, 1 left on base; Gwinnett 1 - Indianapolis 3
TOP OF THE 8TH
Gwinnett Stripers batting - Pitching for Indianapolis Indians : RHP Sergio Quiñonez
Batting: SHB Rob Alford 0-0: TRIPLE (Flyball, 89XD, EV 110.0 MPH)
Batting: RHB Dave Stuart 0-0: Ball
1-0: Swinging Strike
1-1: Fly out, F7 (Flyball, 78M, EV 93.1 MPH)
Runner from 3rd tags up, OUT at HOME! 7-2
Pinch Hitting: LHB Joey Huff 0-0: Ball
1-0: Ground out U3 (Groundball, 3L, EV 63.8 MPH)
Top of the 8th over - 0 runs, 1 hit, 0 errors, 0 left on base; Gwinnett 1 - Indianapolis 3
BOTTOM OF THE 8TH
Indianapolis Indians batting - Pitching for Gwinnett Stripers : LHP Víctor Gómez
Now at 2B: Manny Escobedo
Batting: RHB Johnny Owen 0-0: Ground out 1-3 (Groundball, P, EV 69.4 MPH)
Batting: RHB José Vargas 0-0: Called Strike
0-1: Ball
1-1: SOLO HOME RUN (Flyball, 7D, EV 104.4 MPH), Distance : 416 ft
Batting: RHB Ed Livermore 0-0: Ball
1-0: Foul Ball, location: 7LMF
1-1: Ground out 6-3 (Groundball, 6, EV 83.8 MPH)
Batting: LHB Jesús Benavidez 0-0: Ball
1-0: Called Strike
1-1: Foul Ball, location: 7LSF
1-2: Ball
2-2: Foul Ball, location: 5SF
2-2: Ball
3-2: Fly out, F8 (Flyball, 8RM, EV 79.4 MPH)
Bottom of the 8th over - 1 run, 1 hit, 0 errors, 0 left on base; Gwinnett 1 - Indianapolis 4
TOP OF THE 9TH
Gwinnett Stripers batting - Pitching for Indianapolis Indians : RHP Sergio Quiñonez
Batting: RHB Shawn Wright 0-0: Ground out 4-3 (Groundball, 4, EV 97.5 MPH)
Batting: RHB César Plone 0-0: Called Strike
0-1: Ball
1-1: Called Strike
1-2: Ball
2-2: Strikes out swinging
Batting: SHB Kevin Hicks 0-0: Called Strike
0-1: Foul Ball, location: 3F
0-2: Ball
1-2: Strikes out swinging
Top of the 9th over - 0 runs, 0 hits, 0 errors, 0 left on base; Gwinnett 1 - Indianapolis 4
Monday, April 1st , 2024 - OOTP Baseball 24.10 Build 82